 Dungeon Crawl Stone Soup version 0.21.1-1-g345015fe64 (webtiles) character file.

283442 Teps the Metallomancer (level 20, -4/136 HPs)
             Began as a Gargoyle Earth Elementalist on June 20, 2018.
             Was the Champion of Vehumet.
             Slain by a war gargoyle
             ... wielding a +1 morningstar of freezing
              (21 damage)
             ... on level 3 of the Vaults on June 26, 2018.
             The game lasted 06:52:05 (65586 turns).

Teps the Metallomancer (GrEE)                      Turns: 65586, Time: 06:52:06

Health: -4/136     AC: 30    Str: 13    XL:     20   Next: 56%
Magic:  12/39      EV: 10    Int: 28    God:    Vehumet [******]
Gold:   3043       SH:  8    Dex: 10    Spells: 12/50 levels left

rFire    + . .     SeeInvis +   M - staff of energy
rCold    + . .     Gourm    .   J - +0 buckler
rNeg     + . .     Faith    .   Z - +0 swamp dragon scales
rPois    ∞         Spirit   .   S - +2 hat
rElec    +         Reflect  +   h - scarf {rC+ rF+}
rCorr    .         Harm     .   G - +2 pair of gloves
MR       +....     Clarity  +   C - +2 pair of boots
Stlth    +++.......             p - +4 amulet of reflection
HPRegen  0.32/turn              T - +2 ring of intelligence
MPRegen  0.26/turn              W - ring of Ymimo {rElec SInv}

@: flying
A: big wings, clarity, clever 1, negative energy resistance 1, electricity
resistance, unbreathing, petrification resistance, rot immunity, AC +15
}: 2/15 runes: decaying, gossamer
a: Stop Flying, Renounce Religion


You were on level 3 of the Vaults.
You worshipped Vehumet.
Vehumet was exalted by your worship.
You were not hungry.

You visited 6 branches of the dungeon, and saw 34 of its levels.

You collected 3733 gold pieces.
You spent 690 gold pieces at shops.

Inventory:

Missiles
 b - 359 stones (quivered)
Armour
 g - a +1 cloak
 h - a scarf of resistance (worn)
 C - a +2 pair of boots (worn)
 G - a +2 pair of gloves (worn)
 J - a +0 buckler (worn)
 S - a +2 hat (worn)
 Z - +0 swamp dragon scales (worn)
Magical Staves
 z - an uncursed staff of wizardry
 M - an uncursed staff of energy (weapon)
Jewellery
 p - a +4 amulet of reflection (around neck)
 T - a +2 ring of intelligence (left hand)
 W - the ring of Ymimo (right hand) {rElec SInv}
   (You found it on level 4 of the Lair of Beasts)

   [ring of see invisible]

   It insulates you from electricity.
   It lets you see invisible.
Wands
 f - a wand of flame (51)
 v - a wand of iceblast (21)
 x - a wand of digging (5)
 A - a wand of acid (27)
 I - a wand of enslavement (13)
 K - a wand of clouds (4)
 O - a wand of disintegration (5)
 P - a wand of paralysis (39)
 Q - a wand of polymorph (35)
Scrolls
 a - 2 scrolls of teleportation
 i - 18 scrolls of remove curse
 n - 6 scrolls of fear
 o - 3 scrolls of magic mapping
 q - 3 scrolls of enchant armour
 t - a scroll of blinking
 u - 9 scrolls of enchant weapon
 w - 2 scrolls of summoning
 y - 6 scrolls of fog
 B - 5 scrolls of amnesia
 D - 2 scrolls of silence
 F - 6 scrolls of identify
 N - 2 scrolls of holy word
 Y - 3 scrolls of brand weapon
Potions
 j - 7 potions of ambrosia
 k - 21 potions of curing
 s - 3 potions of might
 E - a potion of cancellation
 H - 5 potions of agility
 R - 3 potions of haste
 U - a potion of resistance
 V - 2 potions of brilliance
Books
 c - a book of Alchemy

   Spells                             Type                      Level
   a - Sublimation of Blood           Necromancy                   2
   b - Ignite Poison                  Fire/Transmutation/Poison    3
   c - Petrify                        Transmutation/Earth          4
   d - Alistair's Intoxication        Transmutation/Poison         5
   e - Irradiate                      Conjuration/Transmutation    5
 e - a book of Geomancy

   Spells                             Type                      Level
   a - Sandblast                      Earth                        1
   b - Passwall                       Transmutation/Earth          2
   c - Stone Arrow                    Conjuration/Earth            3
   d - Petrify                        Transmutation/Earth          4
   e - Lee's Rapid Deconstruction     Earth                        5
 l - a book of Power

   Spells                             Type                      Level
   a - Iskenderun's Battlesphere      Conjuration/Charms           5
   b - Venom Bolt                     Conjuration/Poison           5
   c - Bolt of Magma                  Conjuration/Fire/Earth       5
   d - Iron Shot                      Conjuration/Earth            6
   e - Orb of Destruction             Conjuration                  7
   f - Spellforged Servitor           Conjuration/Summoning        7
Miscellaneous
 L - a lamp of fire
 X - a crystal ball of energy
Comestibles
 d - a ration


   Skills:
 + Level 18.1 Fighting
 - Level 1.6 Dodging
 - Level 8.0 Stealth
 - Level 4.0 Shields
 + Level 15.6 Spellcasting
 + Level 12.7 Conjurations
 - Level 0.7 Transmutations
 * Level 25.2 Earth Magic


You had 12 spell levels left.
You knew the following spells:

 Your Spells              Type           Power        Failure   Level  Hunger
a - Sandblast             Erth           ######       0%          1    None
b - Stone Arrow           Conj/Erth      ######       0%          3    None
c - Passwall              Tmut/Erth      #######...   1%          2    None
d - Lee's Rapid Deconstr  Erth           ########..   0%          5    None
e - Petrify               Tmut/Erth      #######.     1%          4    None
f - Iron Shot             Conj/Erth      #######...   1%          6    None
g - Shatter               Erth           ########..   5%          9    None
h - Lehudib's Crystal Sp  Conj/Erth      #######...   3%          8    None


Dungeon Overview and Level Annotations

Branches:
Dungeon (15/15)            Temple (0/1) D:7            Lair (6/6) D:11
  Swamp (4/4) Lair:3       Spider (4/4) Lair:2        Slime (0/5) Lair:5
    Orc (2/2) D:11            Elf (0/3) Orc:2        Vaults (3/5) D:14
  Crypt (0/3) Vaults:2     Depths (0/5) D:15

Altars:
Elyvilon
Hepliaklqana
Kikubaaqudgha
Makhleb
Okawaru
Trog
Uskayaw
Vehumet
Wu Jian
Xom
The Shining One
Beogh
Jiyva

Shops:
D:8 !   Orc:1 !   Orc:2 (%([!   Vaults:2 *

Annotations:
D:7 1 runed door
Lair:3 exclusion: 2 oklob plants
Lair:5 1 runed door


Innate Abilities, Weirdness & Mutations

You are resistant to torment.
Your stone body is resilient. (AC +15)
You are immune to poison.
Your large and strong wings let you fly indefinitely.
You resist negative energy. (rN+)
You are resistant to electric shocks. (rElec)
You can survive without breathing.
You are immune to petrification.
You are immune to rotting.
You possess an exceptional clarity of mind.
Your mind is acute. (Int +2)


Message History

The war gargoyle shatters!
The war gargoyle is almost destroyed.
The war gargoyle launches metal splinters at you.
The spray of metal splinters hits you!
* * * LOW HITPOINT WARNING * * *
Press: ? - help, v - describe, . - travel
Here: a war gargoyle, wielding a morningstar of freezing (almost destroyed, catching its breath)
The floor.
The war gargoyle launches metal splinters at you.
The spray of metal splinters hits you!
* * * LOW HITPOINT WARNING * * *
You see here an embroidered robe.
You feel much better.
The sentinel's mark upon you fades away.
The war gargoyle launches metal splinters at you.
The spray of metal splinters hits you!
* * * LOW HITPOINT WARNING * * *
You feel better.
The war gargoyle hits you with a morningstar of freezing!!
You die...

#############)########...........
# ##...## #).......#........... #
##.....## #........#...........
###.......###........#...........
##..#####..##........#...........
#...#...#...'........#...........
#...#...#...#........#...W.......
#...#...#...#........#......L....
##..##'##..##...@9.(.#..)........
###.......#####.##).##...........
# ##.....####....................
# ##...##.#............)..).....
##########................)......
.................................
.................................
#################################


You could see a war gargoyle.

Vanquished Creatures
  Mara (Vaults:3)
  Boris (Vaults:3)
  Bai Suzhen (Vaults:2)
  A bone dragon (Swamp:4)
  Kirke (Spider:3)
  A sphinx (Vaults:1)
  A thorn hunter (Swamp:2)
  2 frost giants
  6 vault wardens
  An orc warlord (Orc:1)
  3 emperor scorpions (Spider:4)
  4 ghost moths
  8 ironheart preservers
  3 entropy weavers
  A stone giant (Vaults:2)
  A vampire knight (Vaults:2)
  An ettin (Vaults:2)
  Snorg (Lair:4)
  4 spark wasps (Spider:3)
  A dire elephant (Lair:6)
  Josephine (D:10)
  3 fire dragons (Vaults:1)
  3 yaktaur captains
  3 great orbs of eyes (Vaults:2)
  A rakshasa (D:13)
  10 vault guards
  5 ogre magi
  3 ice dragons
  8 hydras
  A naga warrior (D:12)
  4 death knights
  2 catoblepae
  2 ghost crabs (Swamp:4)
  5 centaur warriors
  19 two-headed ogres
  A deep troll shaman (Lair:6)
  The ghost of Henning the Blocker, a novice MiFi of Trog (D:8)
  14 alligators
  Erica (D:8)
  2 tengu warriors
  12 death yaks
  2 orc high priests (Orc:2)
  2 deep troll earth magi (Vaults:2)
  Urug (D:11)
  The ghost of barcollo the Cleaver, a novice MiBe of Trog (D:9)
  Sonja (Lair:2)
  A deep elf knight (Vaults:1)
  2 shadow wraiths
  3 skeletal warriors
  A spectral hydra (Swamp:4)
  A death drake (Swamp:4)
  4 wizards (D:14)
  4 unseen horrors
  6 deep trolls (Vaults:1)
  2 phantasmal warriors (Swamp:4)
  2 shambling mangroves
  A swamp dragon (Swamp:3)
  5 orc knights
  2 necromancers
  10 deep elf magi
  4 harpies (Vaults:1)
  21 orb spiders
  10 ironbrand convokers
  29 wolf spiders
  9 orc sorcerers
  11 ugly things
  2 moths of wrath
  A manticore (D:11)
  12 cyclopes
  2 elephants (Lair:6)
  A black mamba (shapeshifter) (Vaults:2)
  A black mamba (Lair:5)
  A guardian serpent (shapeshifter) (D:13)
  A salamander (shapeshifter) (Vaults:2)
  11 vault sentinels
  A naga mage (D:15)
  A gargoyle (D:12)
  3 torpor snails
  Joseph (D:8)
  21 spiny frogs
  3 efreet
  3 rime drakes
  5 kobold demonologists
  23 yaktaurs
  4 freezing wraiths
  A tengu conjurer (D:15)
  6 swamp worm zombies (Swamp:4)
  10 komodo dragons
  21 demonic crawlers
  A komodo dragon (shapeshifter) (Vaults:3)
  9 trolls
  28 jumping spiders
  A meliai (shapeshifter) (Vaults:2)
  3 tyrant leeches
  3 hydra zombies (Swamp:4)
  6 polar bears
  A wolf spider simulacrum (D:15)
  26 hornets
  2 alligator zombies (Swamp:4)
  A hippogriff (shapeshifter) (D:15)
  6 bog bodies
  3 spectral swamp dragons (Swamp:4)
  A raiju (shapeshifter) (Vaults:1)
  27 blink frogs
  15 hippogriffs
  18 slime creatures
  A fire giant simulacrum (Vaults:1)
  A dream sheep (shapeshifter) (Vaults:1)
  63 redbacks
  6 spriggans
  Sigmund (D:6)
  2 shadows
  25 tarantellas
  4 wraiths
  63 yaks
  Eustachio (D:5)
  2 wyverns
  15 humans (D:14)
  5 hungry ghosts
  3 basilisks
  A steam dragon (D:11)
  36 vampire mosquitoes
  4 wargs
  14 insubstantial wisps
  An acid dragon (D:7)
  26 swamp worms
  10 water moccasins
  7 porcupines
  9 swamp drakes
  13 phantoms
  A black bear (D:7)
  9 sky beasts
  27 ogres
  48 orc warriors
  4 swamp dragon zombies (Swamp:4)
  3 ice beasts
  2 eyes of draining
  2 necrophages
  7 wolves
  3 boggarts (Vaults:3)
  8 centaurs
  9 crocodiles
  8 big kobolds
  21 bullfrogs
  A wyvern skeleton (D:8)
  7 scorpions
  A killer bee (D:10)
  An electric eel (D:14)
  8 wights
  2 howler monkeys
  8 jellies
  11 crimson imps
  2 human simulacra (Vaults:1)
  4 bullfrog zombies
  7 centaur zombies
  A lava snake (D:11)
  A bullfrog skeleton (D:10)
  27 orc priests
  6 hounds
  44 orc wizards
  7 centaur skeletons
  7 iguanas
  2 spectral swamp drakes (Swamp:4)
  13 worker ants
  A worker ant zombie (D:7)
  2 swamp drake zombies (Swamp:4)
  11 adders
  A howler monkey skeleton (D:9)
  A river rat (shapeshifter) (Vaults:2)
  4 shadow imps
  5 oozes (D:9)
  An adder zombie (D:5)
  14 worms
  3 dart slugs
  4 leopard geckos
  104 orcs
  3 bat zombies (D:7)
  3 giant cockroaches
  8 goblins
  8 hobgoblins
  22 jackals
  7 quokkas
  2 ball pythons
  7 bats
  3 frilled lizards
  25 kobolds
  2 quokka skeletons
  9 rats
  A rat zombie (D:7)
  2 fungi (Lair:4)
1443 creatures vanquished.

Vanquished Creatures (others)
  A centaur warrior (Vaults:1)
  2 yaktaurs
  A redback (Spider:3)
  4 humans (Spider:3)
  A centaur (D:10)
  A bullfrog zombie (D:10)
  2 orcs (Orc:1)
  A bush (Lair:6)
  5 fungi
  11 plants
29 creatures vanquished.

Grand Total: 1472 creatures vanquished

Notes
Turn   | Place    | Note
-------+----------+-------------------------------------------
     0 | D:1      | Teps the Gargoyle Earth Elementalist began the quest for the Orb.
     0 | D:1      | Reached XP level 1. HP: 10/10 MP: 3/3
   150 | D:1      | Reached XP level 2. HP: 8/16 MP: 3/5
   304 | D:1      | Reached skill level 4 in Earth Magic
   323 | D:1      | Learned a level 2 spell: Passwall
   891 | D:2      | Reached skill level 1 in Fighting
   953 | D:2      | Reached XP level 3. HP: 20/20 MP: 1/6
  1539 | D:2      | Reached XP level 4. HP: 25/25 MP: 4/7
  1891 | D:3      | Found a shimmering altar of Xom.
  2027 | D:3      | Reached skill level 5 in Earth Magic
  2403 | D:4      | Learned a level 3 spell: Stone Arrow
  2470 | D:4      | Noticed a sky beast
  2503 | D:4      | Killed a sky beast
  2503 | D:4      | Reached XP level 5. HP: 22/31 MP: 0/9
  2620 | D:4      | Found an ornate altar of the Wu Jian Council.
  2664 | D:4      | Found a hazy altar of Hepliaklqana.
  2672 | D:4      | Found a burning altar of Makhleb.
  2673 | D:4      | Found a radiant altar of Vehumet.
  2674 | D:4      | Reached skill level 6 in Earth Magic
  2674 | D:4      | Reached XP level 6. HP: 36/36 MP: 6/10
  2684 | D:4      | Became a worshipper of Vehumet
  2902 | D:4      | Noticed a phantom
  2909 | D:4      | Killed a phantom
  3180 | D:4      | Noticed a phantom
  3192 | D:4      | Killed a phantom
  3298 | D:4      | Reached skill level 7 in Earth Magic
  3298 | D:4      | Reached XP level 7. HP: 28/41 MP: 7/12
  3792 | D:5      | Entered Level 5 of the Dungeon
  3930 | D:5      | Reached skill level 8 in Earth Magic
  3937 | D:5      | Learned a level 5 spell: Lee's Rapid Deconstruction
  3997 | D:5      | Reached XP level 8. HP: 11/48 MP: 0/14
  4004 | D:5      | Reached * piety under Vehumet
  4004 | D:5      | Offered knowledge of Shock by Vehumet.
  4305 | D:5      | Noticed Eustachio
  4391 | D:5      | Killed Eustachio
  4391 | D:5      | Reached skill level 5 in Fighting
  4391 | D:5      | Reached skill level 9 in Earth Magic
  4413 | D:5      | Reached skill level 5 in Spellcasting
  4962 | D:6      | Reached skill level 10 in Earth Magic
  4962 | D:6      | Reached XP level 9. HP: 51/55 MP: 7/16
  4979 | D:6      | Offered knowledge of Freeze by Vehumet.
  4980 | D:6      | Reached ** piety under Vehumet
  5310 | D:6      | Noticed Sigmund
  5312 | D:6      | Killed Sigmund
  5444 | D:6      | Found a hide-covered altar of Uskayaw.
  5580 | D:6      | Found a glowing golden altar of the Shining One.
  5842 | D:7      | Reached skill level 11 in Earth Magic
  6085 | D:6      | Learned a level 4 spell: Petrify
  6153 | D:7      | Found a runed door.
  6195 | D:7      | Noticed a deep elf mage
  6203 | D:7      | Killed a deep elf mage
  6203 | D:7      | Reached skill level 12 in Earth Magic
  6203 | D:7      | Reached XP level 10. HP: 41/63 MP: 0/20
  6222 | D:7      | Got heavily runed fire dragon scales
  6303 | D:7      | Identified the cursed +0 fire dragon scales of Vejet {+Inv rElec rF++ rC- rCorr Dex-4} (You found it on level 7 of the Dungeon)
  6528 | D:7      | Offered knowledge of Throw Frost by Vehumet.
  6913 | D:7      | Killed an unseen horror
  7181 | D:7      | Reached *** piety under Vehumet
  7457 | D:7      | Found an ancient bone altar of Kikubaaqudgha.
  7521 | D:7      | Found a shimmering altar of Xom.
  7525 | D:7      | Found a staircase to the Ecumenical Temple.
  7602 | D:8      | Found a white marble altar of Elyvilon.
  7627 | D:8      | Noticed Joseph
  7630 | D:8      | Noticed Erica
  7646 | D:8      | Killed Joseph
  7946 | D:8      | Noticed Henning's ghost (novice MiFi)
  8039 | D:8      | Reached skill level 13 in Earth Magic
  8186 | D:8      | Offered knowledge of Ignite Poison by Vehumet.
  8361 | D:8      | Noticed a two-headed ogre
  8373 | D:8      | Killed a two-headed ogre
  8803 | D:8      | Found Monym's Distillery.
  8814 | D:8      | Bought a potion of heal wounds for 70 gold pieces
  8885 | D:8      | Reached XP level 11. HP: 61/69 MP: 17/22
  9063 | D:8      | Killed Erica
  9063 | D:8      | Reached skill level 14 in Earth Magic
  9575 | D:8      | Killed Henning's ghost
  9841 | D:9      | Reached **** piety under Vehumet
 10045 | D:9      | Offered knowledge of Bolt of Magma by Vehumet.
 10627 | D:9      | Noticed barcollo's ghost (novice MiBe)
 11226 | D:9      | Killed barcollo's ghost
 11421 | D:10     | Entered Level 10 of the Dungeon
 11421 | D:10     | Found a shimmering altar of Xom.
 11421 | D:10     | Found a shimmering altar of Xom.
 11423 | D:10     | Found a shimmering altar of Xom.
 11423 | D:10     | Found a shimmering altar of Xom.
 11423 | D:10     | Found a shimmering altar of Xom.
 11425 | D:10     | Found a shimmering altar of Xom.
 11471 | D:10     | Noticed Josephine
 11894 | D:9      | Reached skill level 15 in Earth Magic
 11897 | D:9      | Reached skill level 10 in Fighting
 12081 | D:10     | Reached ***** piety under Vehumet
 12144 | D:10     | Killed Josephine
 12183 | D:9      | Offered knowledge of Iskenderun's Battlesphere by Vehumet.
 12183 | D:9      | Reached XP level 12. HP: 47/77 MP: 3/25
 12516 | D:10     | Found a shimmering altar of Xom.
 12856 | D:10     | Noticed a two-headed ogre
 12864 | D:10     | Killed a two-headed ogre
 13102 | D:10     | Found a radiant altar of Vehumet.
 13353 | D:10     | Noticed a two-headed ogre
 13354 | D:10     | Noticed a tengu warrior
 13364 | D:10     | Killed a two-headed ogre
 13364 | D:10     | Reached skill level 16 in Earth Magic
 13369 | D:10     | Killed a tengu warrior
 13533 | D:10     | Noticed a two-headed ogre
 13543 | D:10     | Killed a two-headed ogre
 14220 | D:11     | Noticed Urug
 14224 | D:11     | Killed Urug
 14419 | D:11     | Noticed a six-headed hydra
 14436 | D:11     | Killed a six-headed hydra
 14704 | D:11     | Noticed a two-headed ogre
 14843 | D:11     | Killed a two-headed ogre
 15010 | D:11     | Noticed a centaur warrior
 15191 | D:10     | Reached skill level 10 in Spellcasting
 15191 | D:10     | Reached skill level 17 in Earth Magic
 15390 | D:11     | Killed a centaur warrior
 15390 | D:11     | Reached XP level 13. HP: 78/84 MP: 7/27
 16144 | D:11     | Found a staircase to the Lair.
 17018 | D:11     | Found a staircase to the Orcish Mines.
 17231 | Lair:1   | Entered Level 1 of the Lair of Beasts
 18544 | Lair:2   | Reached skill level 18 in Earth Magic
 19147 | Lair:2   | Found a hole to the Spider Nest.
 19375 | Lair:2   | Noticed Sonja
 19382 | Lair:2   | Killed Sonja
 19382 | Lair:2   | Reached skill level 5 in Stealth
 20226 | Lair:3   | Offered knowledge of Sticky Flame by Vehumet.
 20356 | Lair:3   | Gained mutation: Your large and strong wings let you fly indefinitely. [Gargoyle growth]
 20356 | Lair:3   | Reached XP level 14. HP: 82/92 MP: 17/29
 21387 | Lair:3   | Found a staircase to the Swamp.
 22225 | Lair:4   | Noticed Snorg
 22610 | Lair:4   | Got a faintly glowing brass ring
 22611 | Lair:4   | Identified the ring of Ymimo {rElec SInv} (You found it on level 4 of the Lair of Beasts)
 22961 | Lair:4   | Killed Snorg
 23546 | Lair:5   | Found a runed door.
 23546 | Lair:5   | Found a viscous altar of Jiyva.
 23643 | Lair:5   | Found a staircase to the Slime Pits.
 23643 | Lair:5   | Noticed an acid blob
 23643 | Lair:5   | Noticed an acid blob
 23802 | Lair:5   | Gained mutation: You possess an exceptional clarity of mind. [potion of mutation]
 23802 | Lair:5   | Gained mutation: Your mind is acute. (Int +2) [potion of mutation]
 24402 | Lair:4   | Offered knowledge of Fireball by Vehumet.
 25074 | Lair:6   | Entered Level 6 of the Lair of Beasts
 25462 | Lair:6   | Reached skill level 19 in Earth Magic
 26431 | Lair:6   | Reached XP level 15. HP: 100/100 MP: 10/31
 28701 | Lair:6   | Identified the Reference Book on Stones and the Birds
 29129 | D:11     | Learned a level 2 spell: Passwall
 29575 | D:12     | Offered knowledge of Iron Shot by Vehumet.
 29752 | D:12     | Reached skill level 1 in Conjurations
 29787 | D:12     | Learned a level 6 spell: Iron Shot
 30714 | D:12     | Found a large runed door.
 30715 | D:12     | Found a large runed door.
 31073 | D:12     | Found an iron altar of Okawaru.
 31073 | D:12     | Found an iron altar of Okawaru.
 31250 | Orc:1    | Entered Level 1 of the Orcish Mines
 31628 | D:11     | Reached skill level 20 in Earth Magic
 32201 | Orc:1    | Noticed an orc warlord
 32370 | Orc:1    | Killed an orc warlord
 32722 | Orc:2    | Entered Level 2 of the Orcish Mines
 32722 | Orc:2    | Found a staircase to the Elven Halls.
 32743 | Orc:2    | Offered knowledge of Bolt of Cold by Vehumet.
 33022 | Orc:2    | Found Syranips's Distillery.
 33100 | Orc:2    | Found a roughly hewn altar of Beogh.
 34172 | Orc:2    | Found Woeppaas's Weapon Boutique.
 34172 | Orc:2    | Found Mapi Hisy's Antique Weapon Shop.
 34173 | Orc:2    | Found Yshriuwer's Antique Armour Shop.
 34176 | Orc:2    | Found Liokhlete's Food Boutique.
 35122 | Orc:1    | Found Yquts's Distillery.
 35148 | Orc:1    | Bought a potion of heal wounds for 60 gold pieces
 35161 | Orc:1    | You fall through a shaft!
 35184 | Orc:2    | Bought a ration for 70 gold pieces
 35184 | Orc:2    | Bought a ration for 70 gold pieces
 35184 | Orc:2    | Bought a ration for 70 gold pieces
 35184 | Orc:2    | Bought a ration for 70 gold pieces
 35184 | Orc:2    | Bought a ration for 70 gold pieces
 35184 | Orc:2    | Bought a ration for 70 gold pieces
 35184 | Orc:2    | Bought a ration for 70 gold pieces
 35184 | Orc:2    | Bought a ration for 70 gold pieces
 35646 | D:13     | Noticed a frost giant
 35686 | D:13     | Killed a frost giant
 35686 | D:13     | Reached XP level 16. HP: 37/107 MP: 8/32
 36815 | D:14     | Offered knowledge of Ozocubu's Refrigeration by Vehumet.
 36975 | D:14     | Reached skill level 5 in Conjurations
 37227 | D:14     | Reached skill level 15 in Fighting
 37712 | D:14     | Reached skill level 21 in Earth Magic
 37908 | D:14     | Found a gate to the Vaults.
 37924 | D:14     | Found a bloodstained altar of Trog.
 38572 | D:15     | Entered Level 15 of the Dungeon
 38963 | D:15     | Paralysed by an orc sorcerer for 7 turns
 39149 | D:15     | Found a staircase to the Depths.
 40424 | Swamp:1  | Entered Level 1 of the Swamp
 40760 | Swamp:1  | Offered knowledge of Bolt of Fire by Vehumet.
 41776 | Swamp:2  | Found the +5 scythe "Finisher" {speed, Str+3}
 42089 | Swamp:2  | Reached XP level 17. HP: 113/113 MP: 21/34
 44846 | Swamp:3  | Reached skill level 1 in Shields
 45028 | Swamp:4  | Entered Level 4 of the Swamp
 45047 | Swamp:3  | Reached skill level 22 in Earth Magic
 45524 | Swamp:4  | Reached ****** piety under Vehumet
 45725 | Swamp:4  | Offered knowledge of Lehudib's Crystal Spear by Vehumet.
 45725 | Swamp:4  | Offered knowledge of Shatter by Vehumet.
 45725 | Swamp:4  | Offered knowledge of Chain Lightning by Vehumet.
 45736 | Swamp:4  | Learned a level 9 spell: Shatter
 45745 | Swamp:4  | Learned a level 8 spell: Lehudib's Crystal Spear
 45947 | Swamp:4  | Found the +3 salamander hide armour {+Rage rF++}
 46927 | Swamp:4  | Noticed a bone dragon
 46936 | Swamp:4  | Killed a bone dragon
 48053 | Swamp:4  | Got a decaying rune of Zot
 48228 | Spider:1 | Entered Level 1 of the Spider Nest
 50157 | Spider:2 | Reached XP level 18. HP: 120/120 MP: 13/36
 51795 | Spider:3 | Noticed Kirke
 51797 | Spider:3 | Killed Kirke
 52098 | Spider:3 | Reached skill level 23 in Earth Magic
 52512 | Spider:4 | Entered Level 4 of the Spider Nest
 53096 | Spider:3 | Reached skill level 10 in Conjurations
 57411 | Spider:4 | Got a gossamer rune of Zot
 57814 | Vaults:1 | Entered Level 1 of the Vaults
 57879 | Vaults:1 | Reached XP level 19. HP: 89/127 MP: 1/37
 59187 | Vaults:1 | Reached skill level 24 in Earth Magic
 59401 | Vaults:1 | Reached skill level 15 in Spellcasting
 61736 | Vaults:2 | Paralysed by a great orb of eyes for 5 turns
 62070 | Vaults:2 | Found Coenages's General Store.
 62671 | Vaults:2 | Paralysed by a vampire knight for 4 turns
 63350 | Vaults:2 | Found a staircase to the Crypt.
 63384 | Vaults:2 | Noticed Bai Suzhen
 63400 | Vaults:2 | HP: 5/129 [Bai Suzhen/torrent of water (30)]
 63425 | Vaults:2 | Killed Bai Suzhen
 63425 | Vaults:2 | Reached XP level 20. HP: 24/136 MP: 11/39
 64640 | Vaults:3 | Noticed Mara
 64652 | Vaults:3 | Noticed Teps's illusion
 64657 | Vaults:3 | Killed Mara
 64658 | Vaults:3 | Reached skill level 25 in Earth Magic
 65532 | Vaults:3 | Noticed Boris
 65574 | Vaults:3 | Killed Boris
 65586 | Vaults:3 | Slain by a war gargoyle

Skill      XL: |  1  2  3  4  5  6  7  8  9 10 11 12 13 14 15 16 17 18 19 20 |
---------------+-------------------------------------------------------------+-----
Earth Magic    | 4 5 6 7 8 10 12 13 15 17 18 19 20 21 22 23 24 25 | 25.2
Fighting       | 1 2 3 4 5 7 8 10 11 12 13 14 15 16 17 18 | 18.1
Spellcasting   | 3 4 5 6 7 9 10 11 12 13 14 15 | 15.6
Stealth        | 5 8 |  8.0
Conjurations   | 4 7 9 10 12 | 12.7
Shields        | 4 |  4.0
Dodging        | |  1.6
Transmutations | |  0.7

Action                   |  1- 3 |  4- 6 |  7- 9 | 10-12 | 13-15 | 16-18 | 19-21 || total
-------------------------+-------+-------+-------+-------+-------+-------+-------++-------
Melee: Unarmed           |    24 |       |       |       |       |       |       ||    24
       Hunting sling     |       |       |     9 |     6 |       |       |       ||    15
       Staff             |       |       |       |    42 |    29 |    16 |     1 ||    88
 Fire: Hunting sling     |     7 |    34 |   113 |       |       |       |       ||   154
Throw: Stone             |       |       |       |     1 |       |       |       ||     1
 Cast: Sandblast         |    47 |    44 |   104 |   151 |   130 |   171 |    52 ||   699
       Stone Arrow       |       |     6 |     5 |   195 |   793 |   385 |    23 ||  1407
       Lee's Rapid Decon |       |       |    17 |    66 |   146 |   457 |   248 ||   934
       Petrify           |       |       |     2 |    34 |    33 |    47 |    20 ||   136
       Iron Shot         |       |       |       |       |    14 |   102 |     9 ||   125
       Passwall          |       |       |       |       |     2 |     6 |       ||     8
       Shatter           |       |       |       |       |       |     7 |    12 ||    19
Evoke: Wand              |       |       |       |       |    21 |    39 |     9 ||    69
  Use: Scroll            |       |     3 |     7 |    16 |    17 |    19 |     4 ||    66
       Potion            |       |       |       |     6 |     4 |     4 |     8 ||    22
 Stab: Petrified         |       |       |       |     7 |     2 |       |       ||     9
  Eat: Ration            |     1 |     2 |     3 |    12 |    13 |    29 |     3 ||    63
       Chunk             |       |     1 |     4 |     7 |    38 |    14 |    15 ||    79
Armor: Robe              |    13 |     7 |    34 |   151 |       |       |       ||   205
       Steam dragon scal |       |       |       |    76 |   356 |    99 |       ||   531
       Swamp dragon scal |       |       |       |       |       |   609 |   141 ||   750
Dodge: Dodged            |    19 |    23 |    41 |   126 |   282 |   398 |    79 ||   968
Block: Other             |       |       |    17 |    34 |       |       |       ||    51
       Reflection        |       |       |     5 |    19 |     5 |     3 |     8 ||    40
       Buckler           |       |       |       |    34 |   219 |   327 |    74 ||   654
